 Dungeon Crawl Stone Soup version 0.29.0-11-gd7f09526c8 (webtiles) character file.

Game seed: 5657286132608581633

91341 Shayle the Fighter (level 16, -7/148 HPs)
             Began as a Tengu Brigand on Sept 4, 2022.
             Was a High Priest of Vehumet.
             Mangled by XxsatanxX's ghost (17 damage)
             ... on level 12 of the Dungeon on Sept 5, 2022.
             The game lasted 01:54:13 (35131 turns).

Shayle the Fighter (Tengu Brigand)                 Turns: 35131, Time: 01:54:14

Health: -7/148     AC:  8    Str: 12    XL:     16   Next: 3%
Magic:  30/30      EV: 21    Int: 18    God:    Vehumet [*****.]
Gold:   1135       SH: 14    Dex: 19    Spells: 1/33 levels left

rFire   + + .      SeeInvis .   S - +6 broad axe (flame)
rCold   + + .      Faith    .   L - +2 buckler {rC+ rF+}
rNeg    . . .      Spirit   .   y - +1 leather armour of Giabli {rElec rC+ Will+ Dex+2}
rPois   +          Reflect  +   (helmet restricted)
rElec   +          Harm     .   u - +2 cloak {Will+}
rCorr   .          Rampage  .   (no gloves)
Will    ++++.                   (boots unavailable)
Stlth   ..........              G - amulet of reflection
HPRegen 0.34/turn               g - ring of protection from cold
MPRegen 0.22/turn               t - ring of Midsummer {rElec rPois rF+ rC- Will+}

@: berserking, lethally poisoned (-7 -> -13), flying quickly and evasively, very
quick
A: beak, talons 3, nimble flight
a: Renounce Religion


You were on level 12 of the Dungeon.
You worshipped Vehumet.
Vehumet was extremely pleased with you.
You visited 6 branches of the dungeon, and saw 25 of its levels.
You also visited: Gauntlet.

You collected 2330 gold pieces.
You spent 1195 gold pieces at shops.

Inventory:

Hand Weapons
 S - a +6 broad axe of flaming (weapon)
Missiles
 d - 70 poisoned darts (quivered)
 e - 6 curare-tipped darts
 f - 3 atropa-tipped darts
 q - a throwing net
Armour
 a - the +3 leather armour "Nyggaite" {rF+}
   (You found it on level 2 of the Lair of Beasts)

   rF:        It protects you from fire.
 u - a +2 cloak of willpower (worn)
 y - the +1 leather armour of Giabli (worn) {rElec rC+ Will+ Dex+2}
   (You found it on level 4 of the Dungeon)

   Dex:       It affects your dexterity (+2).
   rC:        It protects you from cold.
   rElec:     It insulates you from electricity.
   Will:      It increases your willpower.
 B - the +4 ring mail of the Tarantula {+Inv rCorr}
   (You found it on level 5 of the Lair of Beasts)

   +Inv:      It lets you turn invisible.
   rCorr:     It protects you from acid and corrosion.
 L - a +2 buckler of resistance (worn)
Jewellery
 g - a ring of protection from cold (left hand)
 k - a ring of resist corrosion
 t - the ring of Midsummer (right hand) {rElec rPois rF+ rC- Will+}
   (You found it on level 3 of the Dungeon)

   [ring of protection from fire]

   rF:        It protects you from fire.
   rC:        It makes you vulnerable to cold.
   rElec:     It insulates you from electricity.
   rPois:     It protects you from poison.
   Will:      It increases your willpower.
 E - a +6 ring of strength
 F - a +4 ring of protection
 G - an amulet of reflection (around neck)
 T - a ring of see invisible
Wands
 p - a wand of light (12)
 H - a wand of digging (4)
 O - a wand of paralysis (1)
 P - a wand of mindburst (6)
Scrolls
 c - 2 scrolls of amnesia
 w - 2 scrolls of magic mapping
 x - 3 scrolls of teleportation
 C - 3 scrolls of vulnerability
 I - 3 scrolls of butterflies
 K - a scroll of torment
 M - a scroll of silence
Potions
 h - 2 potions of curing
 i - 2 potions of mutation
 n - 2 potions of berserk rage
 o - 2 potions of attraction
 r - 4 potions of heal wounds
 s - a potion of brilliance
 v - 5 potions of haste
 z - a potion of lignification
 A - 6 potions of cancellation
 D - 3 potions of magic
 J - 3 potions of invisibility
 W - a potion of ambrosia
Miscellaneous
 U - a phantom mirror


   Skills:
 - Level 10.7 Fighting
 - Level 2.1 Short Blades
 - Level 2.0 Throwing
 - Level 8.1 Armour
 - Level 10.4 Dodging
 - Level 9.0 Stealth
 - Level 10.4 Shields
 - Level 9.4 Spellcasting
 - Level 5.1 Conjurations
 + Level 7.3 Necromancy
 + Level 6.0 Transmutations
 + Level 8.0 Fire Magic
 - Level 2.5 Ice Magic
 + Level 7.4 Earth Magic
 + Level 6.3 Poison Magic


You had one spell level left.
You knew the following spells:

 Your Spells              Type           Power      Damage    Failure   Level
a - Poisonous Vapours     Pois/Air       38%        N/A       1%          2
b - Searing Ray           Conj           54%        2d6       1%          2
c - Hailstorm             Conj/Ice       22%        3d7       7%          4
d - Ignite Poison         Fire/Tmut/Pois 32%        N/A       1%          3
e - Olgreb's Toxic Radia  Pois           31%        N/A       2%          4
f - Borgnjor's Vile Clut  Necr/Erth      17%        N/A       17%         5
g - Eringya's Noxious Bo  Tmut/Pois      15%        N/A       36%         6
h - Starburst             Conj/Fire      16%        6d6       32%         6

Your spell library contained the following spells:

 Spells                   Type           Power      Damage    Failure   Level
 Flame Wave               Conj/Fire      32%        2d9       2%          4
 Magic Dart               Conj           100%       1d8       1%          1
 Sting                    Tmut/Pois      100%       1d8       1%          1
 Sublimation of Blood     Necr           34%        N/A       1%          2
 Wereblood                Tmut           30%        N/A       1%          2
 Inner Flame              Hex/Fire       22%        N/A       2%          3
 Dazzling Flash           Conj/Hex       34%        N/A       3%          3
 Iskenderun's Mystic Bla  Conj/Tloc      17%        2d5       12%         4
 Ice Form                 Ice/Tmut       23%        N/A       22%         4
 Yara's Violent Unravell  Hex/Tmut       9%         3d6       26%         5
 Alistair's Intoxication  Tmut/Pois      20%        N/A       28%         5
 Freezing Cloud           Conj/Ice/Air   8%         6-21      30%         5
 Confusing Touch          Hex            8%         N/A       36%         3
 Gell's Gravitas          Tloc           8%         N/A       36%         3
 Portal Projectile        Hex/Tloc       16%        N/A       36%         3
 Teleport Other           Tloc           8%         N/A       36%         3
 Tukima's Dance           Hex            8%         N/A       36%         3
 Summon Ice Beast         Ice/Summ       12%        N/A       58%         4
 Passage of Golubria      Tloc           8%         N/A       77%         4
 Metabolic Englaciation   Hex/Ice        6%         N/A       91%         5
 Simulacrum               Ice/Necr       13%        N/A       95%         6
 Summon Forest            Summ/Tloc      4%         N/A       98%         5
 Dispersal                Tloc           4%         N/A       100%        6
 Summon Hydra             Summ           4%         N/A       100%        7
 Polar Vortex             Ice            8%         N/A       100%        9


Dungeon Overview and Level Annotations

Branches:
Dungeon (15/15)            Temple (1/1) D:6            Lair (5/5) D:11
 Shoals (1/4) Lair:2       Spider (1/4) Lair:2        Slime (0/5) Lair:5
    Orc (2/2) D:12            Elf (0/3) Orc:2        Vaults (0/5) D:14
Gauntlet (visited)
 Depths: D:15

Altars:
Ashenzari
Cheibriados
Dithmenos
Elyvilon
Fedhas
Gozag
Hepliaklqana
Kikubaaqudgha
Makhleb
Nemelex Xobeh
Okawaru
Qazlal
Ru
Sif Muna
Trog
Uskayaw
Vehumet
Wu Jian
Xom
Yredelemnul
Zin
The Shining One

Shops:
D:5 =   D:12 ?   Orc:2 :*=[

Annotations:
D:9 2 transporters, NinjaNoafa's ghost, novice DrWn
D:10 1 transporter, SomeFlowers's ghost, novice DEAr
D:12 1 transporter, XxsatanxX's ghost, journeyman MiBe
D:14 Louise
Lair:2 2 transporters, pacmanke6689's ghost, journeyman MfFi
Shoals:1 Aizul


Innate Abilities, Weirdness & Mutations

You have a beak for a mouth.
You have claws for feet.
Your magical nature lets you fly swiftly and evasively.


Message History

XxsatanxX's ghost is moderately damaged.
Vehumet accepts your kill.
You feel your power returning.
You feel a bit more experienced.
The bolt of fire hits the moth of wrath!!
The moth of wrath is severely wounded.
The bolt of fire hits the catoblepas!!
The catoblepas is moderately wounded.
You are engulfed in calcifying dust.
The water moccasin is engulfed in blazing flames.
You kill the water moccasin!
Vehumet accepts your kill.
The catoblepas is engulfed in blazing flames.
The catoblepas completely misses you. You block the moth of wrath's attack.
The five-headed hydra is engulfed in blazing flames. x2
The catoblepas gores you!
* * * LOW HITPOINT WARNING * * *
The moth of wrath bites you!!
* * * LOW HITPOINT WARNING * * *
The moth of wrath infuriates you!
A red film seems to cover your vision as you go berserk!
You feel yourself moving faster!
You feel mighty!
XxsatanxX's ghost hits you but does no damage.
You are poisoned.
Your Fire Magic skill increases to level 8!
You are too berserk!
Unknown command.
You chop one of the five-headed hydra's heads off!
The flame cauterises the wound!
You slash the four-headed hydra! You burn the four-headed hydra.
You kill the four-headed hydra!
Vehumet accepts your kill.
You feel your power returning.
You hit the catoblepas. You burn the catoblepas. You hit the moth of wrath.
You burn the moth of wrath. You hit XxsatanxX's ghost.
You burn XxsatanxX's ghost.
You are engulfed in calcifying dust.
You feel sick.
The catoblepas is engulfed in blazing flames.
You block the catoblepas's attack.
The five-headed hydra is engulfed in blazing flames.
You block the moth of wrath's attack. XxsatanxX's ghost hits you!
You die...

#...##...........##..#...
##.###..........(#......#
###...?..##............#
#.........)##.#.#.##...
#.#.......#####....##.>
###.#.####### #..#####..
##..........#####....###.#
#.....#####...#.......#...
#.#.###○y@###.............
#.#.#.☼°DWY○##.....##.##..
#.#.#°○○#§#.○#........#...
#...#☼°☼#.#..#.>..........
#..##○#.DY..##............
#..#°#.D.#.}#...........#.
#..#○ #©.=[#©....####..##
#..##.D...#!#.....# ###.#
#..©#.#...#?##.#### #...


You could see a catoblepas (berserk), a five-headed hydra, a moth of wrath and
XxsatanxX's ghost.

Vanquished Creatures
  A broodmother (Lair:2)
  An entropy weaver (Spider:1)
  A minotaur (Gauntlet)
  8 vault guards (D:14)
  A boulder beetle (D:10)
  10 hydras
  2 merfolk avatars
  2 catoblepae
  An ogre mage (Orc:1)
  3 tengu warriors
  3 centaur warriors
  3 two-headed ogres
  5 death yaks
  Nergalle (D:11)
  3 orc high priests (Orc:2)
  2 sea snakes
  4 orc knights (Orc:2)
  2 harpies
  6 manticores
  4 orc sorcerers
  2 wolf spiders (Spider:1)
  5 ugly things
  8 fauns (Shoals:1)
  A merfolk siren (Shoals:1)
  18 elephants
  2 moths of wrath
  2 black mambas
  3 centaur zombies (D:9)
  Joseph (D:8)
  11 cane toads
  2 centaur skeletons (D:9)
  4 demonic crawlers
  3 kobold demonologists
  11 komodo dragons
  2 rime drakes (Lair:5)
  A tengu conjurer (D:13)
  2 hellwings (D:10)
  10 trolls
  3 polar bears
  2 wind drakes (Lair:5)
  2 hornets
  A merfolk (Shoals:1)
  A meliai zombie (D:9)
  18 blink frogs
  3 tarantellas (Spider:1)
  2 snapping turtles (Shoals:1)
  8 jumping spiders (Spider:1)
  3 centaur simulacra (Gauntlet)
  3 vampires
  37 yaks
  A water elemental (Shoals:1)
  4 culicivoras (Spider:1)
  2 shadows (D:12)
  5 wyverns (Lair:5)
  A wraith (D:12)
  3 basilisks
  3 redbacks
  5 steam dragons
  4 vampire mosquitoes
  2 wargs (Orc:2)
  3 swamp worms (Gauntlet)
  A harpy simulacrum (Gauntlet)
  10 water moccasins
  An acid dragon (D:11)
  16 orc warriors
  2 black bears (D:6)
  2 ice beasts
  2 sky beasts
  5 boggarts (D:14)
  11 ogres
  24 wolves
  6 centaurs
  4 phantoms
  13 kobold brigands
  5 necrophages
  14 bullfrogs
  2 gnoll sergeants
  2 scorpions (D:6)
  16 wights
  11 killer bees
  3 howler monkeys
  5 electric eels
  Crazy Yiuf (D:3)
  A jelly (D:6)
  16 orc priests
  A gnoll bouda (D:5)
  11 hounds
  Jessica (D:3)
  30 orc wizards
  5 iguanas
  7 hell rats (Lair:3)
  Robin (D:3)
  11 gnolls
  15 adders
  8 shadow imps
  5 white imps
  2 ufetubi (D:7)
  2 worms
  3 dart slugs
  47 orcs
  15 ball pythons
  6 bats
  11 endoplasms
  6 giant cockroaches
  19 goblins
  10 hobgoblins
  9 jackals
  14 kobolds
  7 quokkas
  2 frilled lizards (D:1)
  6 rats
694 creatures vanquished.

Vanquished Creatures (others)
  2 centaurs (Lair:1)
  2 kobold brigands (D:11)
  An orc wizard (D:8)
  20 fungi
  68 plants
  3 withered plants (D:9)
96 creatures vanquished.

Grand Total: 790 creatures vanquished

Notes
Turn   | Place    | Note
-------+----------+-------------------------------------------
     0 | D:1      | Shayle the Tengu Brigand began the quest for the Orb.
     0 | D:1      | Reached XP level 1. HP: 12/12 MP: 2/2
   322 | D:1      | Reached XP level 2. HP: 17/17 MP: 3/3
   684 | D:1      | Reached XP level 3. HP: 20/22 MP: 5/5
   827 | D:1      | Found a faded altar of an unknown god.
   880 | D:1      | Reached skill level 1 in Spellcasting
  1308 | D:2      | Reached XP level 4. HP: 27/27 MP: 6/6
  1411 | D:2      | Reached skill level 1 in Shields
  1735 | D:2      | Gained mutation: Your magical nature lets you fly swiftly
                  | and evasively. [Tengu growth]
  1735 | D:2      | Reached XP level 5. HP: 32/32 MP: 8/8
  2395 | D:3      | Noticed Jessica
  2399 | D:3      | Killed Jessica
  2560 | D:3      | Noticed Robin
  2589 | D:3      | Killed Robin
  2760 | D:3      | Identified the ring of Midsummer {rElec rPois rF+ rC-
                  | Will+}
  2835 | D:3      | Found a runed translucent door.
  2836 | D:3      | Noticed Crazy Yiuf
  2846 | D:3      | Killed Crazy Yiuf
  2847 | D:3      | Reached skill level 5 in Stealth
  2847 | D:3      | Reached XP level 6. HP: 34/37 MP: 10/10
  3110 | D:3      | Found a white marble altar of Elyvilon.
  3111 | D:3      | Found a bloodstained altar of Trog.
  3113 | D:3      | Found a basalt altar of Yredelemnul.
  3113 | D:3      | Found a hide-covered altar of Uskayaw.
  3113 | D:3      | Found a broken altar of Ashenzari.
  3114 | D:3      | Found a burning altar of Makhleb.
  3512 | D:4      | Reached XP level 7. HP: 41/42 MP: 10/12
  3524 | D:4      | Identified the +1 leather armour of Giabli {rElec rC+ Will+
                  | Dex+2}
  4393 | D:4      | Reached XP level 8. HP: 43/48 MP: 12/14
  4960 | D:5      | Entered Level 5 of the Dungeon
  5596 | D:5      | Found Suovuepn's Jewellery Boutique.
  6091 | D:5      | Learned a level 2 spell: Poisonous Vapours
  6146 | D:5      | Reached skill level 5 in Dodging
  6326 | D:6      | Reached skill level 5 in Fighting
  6443 | D:6      | Reached XP level 9. HP: 53/54 MP: 16/16
  6731 | D:6      | Reached skill level 5 in Shields
  6959 | D:6      | Found a staircase to the Ecumenical Temple.
  6970 | Temple   | Entered the Ecumenical Temple
  7038 | D:6      | Reached skill level 5 in Spellcasting
  7396 | D:5      | Bought an amulet of reflection for 330 gold pieces
  7519 | D:7      | Noticed a troll
  7543 | D:7      | Killed a troll
  7777 | D:7      | Noticed a manticore
  7810 | D:7      | Killed a manticore
  7811 | D:7      | Reached XP level 10. HP: 39/61 MP: 19/19
  9140 | D:8      | Noticed Joseph
  9180 | D:8      | Killed Joseph
 10275 | D:9      | Reached XP level 11. HP: 68/68 MP: 20/22
 10745 | D:9      | Found an ancient bone altar of Kikubaaqudgha.
 10928 | D:9      | Found a shimmering blue altar of Sif Muna.
 10930 | D:9      | Found a radiant altar of Vehumet.
 10935 | D:9      | Got Vehumet's Guide on Bolts
 10937 | D:9      | Became a worshipper of Vehumet
 11045 | D:10     | Entered Level 10 of the Dungeon
 11386 | D:10     | Noticed a boulder beetle
 11772 | D:9      | Found a transporter.
 11949 | D:9      | Found a transporter.
 11975 | D:9      | Noticed NinjaNoafa's ghost (novice DrWn)
 12555 | D:10     | Killed a boulder beetle
 12804 | D:10     | Found a snail-covered altar of Cheibriados.
 12942 | D:10     | Found an opulent altar of Gozag.
 13006 | D:10     | Noticed a two-headed ogre
 13016 | D:10     | Killed a two-headed ogre
 13022 | D:10     | Found a transporter.
 13024 | D:10     | Found a hazy altar of Hepliaklqana.
 13025 | D:10     | Noticed SomeFlowers's ghost (novice DEAr)
 13025 | D:10     | Noticed a two-headed ogre
 13027 | D:10     | Noticed a two-headed ogre
 13109 | D:10     | Reached * piety under Vehumet
 13109 | D:10     | Offered knowledge of Foxfire by Vehumet.
 13244 | D:10     | Identified the +6 dire flail of Wekuc {spect, *Slow Str+2
                  | Int+5 SInv}
 13244 | D:10     | Noticed a two-headed ogre
 13245 | D:10     | Noticed a two-headed ogre
 13980 | D:11     | Reached XP level 12. HP: 33/76 MP: 25/25
 14064 | D:11     | Noticed Nergalle
 14617 | D:12     | Found Koebouni's Magic Scroll Emporium.
 14626 | D:12     | Noticed a centaur warrior
 14643 | D:12     | Killed a centaur warrior
 14644 | D:12     | Reached skill level 10 in Dodging
 14712 | D:12     | Found a transporter.
 14720 | D:12     | Noticed a five-headed hydra
 14732 | D:12     | Noticed a catoblepas
 14741 | D:12     | Noticed XxsatanxX's ghost (journeyman MiBe)
 14751 | D:12     | Found a transporter.
 14754 | D:12     | Noticed a catoblepas
 14769 | D:12     | Found a staircase to the Orcish Mines.
 14783 | D:12     | Noticed a centaur warrior
 14792 | D:12     | Killed a centaur warrior
 15168 | D:11     | Found a staircase to the Lair.
 15262 | D:11     | Identified a scroll of acquirement
 15262 | D:11     | Acquired Efuplomu's Tome of the Compass and Congelation
 15891 | D:11     | Killed Nergalle
 16241 | Lair:1   | Entered Level 1 of the Lair of Beasts
 16266 | Lair:1   | Reached skill level 1 in Armour
 16285 | Lair:1   | Reached skill level 1 in Poison Magic
 16511 | Lair:1   | Noticed a five-headed hydra
 16525 | Lair:1   | Killed a five-headed hydra
 16526 | Lair:1   | Reached skill level 10 in Fighting
 16535 | Lair:1   | Reached ** piety under Vehumet
 16535 | Lair:1   | Offered knowledge of Searing Ray by Vehumet.
 16920 | Lair:1   | Found a glowing silver altar of Zin.
 17104 | Lair:2   | Reached XP level 13. HP: 78/82 MP: 27/27
 17116 | Lair:2   | Reached skill level 10 in Shields
 17128 | Lair:2   | Learned a level 2 spell: Searing Ray
 17289 | Lair:2   | Identified the +3 leather armour "Nyggaite" {rF+}
 17498 | Lair:2   | Reached skill level 1 in Conjurations
 17570 | Lair:2   | Noticed pacmanke6689's ghost (journeyman MfFi)
 17577 | Lair:2   | Found a hole to the Spider Nest.
 17733 | Lair:2   | Found a staircase to the Shoals.
 17980 | Lair:2   | Found a transporter.
 17984 | Lair:2   | Found a transporter.
 17993 | Lair:2   | Learned a level 4 spell: Hailstorm
 18887 | Lair:2   | Reached skill level 1 in Ice Magic
 19491 | Lair:4   | Offered knowledge of Ignite Poison by Vehumet.
 20219 | Lair:4   | Learned a level 3 spell: Ignite Poison
 20224 | Lair:4   | Learned a level 4 spell: Olgreb's Toxic Radiance
 20283 | Lair:4   | Reached skill level 5 in Armour
 20851 | Lair:3   | Reached skill level 1 in Fire Magic
 20943 | Lair:3   | Reached *** piety under Vehumet
 21069 | Lair:3   | Reached skill level 1 in Transmutations
 21177 | Lair:3   | Found a burning altar of Makhleb.
 21948 | Lair:3   | Reached skill level 5 in Conjurations
 22055 | Lair:2   | Learned a level 5 spell: Borgnjor's Vile Clutch
 22073 | Lair:3   | HP: 6/124 [eight-headed hydra (6)]
 22074 | Lair:3   | HP: 2/124 [eight-headed hydra (3)]
 22567 | Lair:3   | Offered knowledge of Airstrike by Vehumet.
 22904 | Lair:3   | Reached skill level 1 in Necromancy
 22904 | Lair:3   | Reached skill level 1 in Earth Magic
 23083 | Lair:5   | Entered Level 5 of the Lair of Beasts
 23203 | Lair:5   | Reached XP level 14. HP: 88/88 MP: 6/28
 23745 | Lair:5   | Reached **** piety under Vehumet
 23747 | Lair:5   | Offered knowledge of Iskenderun's Battlesphere by Vehumet.
 24671 | Lair:5   | Found a staircase to the Slime Pits.
 24989 | Lair:5   | Reached skill level 5 in Fire Magic
 25986 | Lair:5   | Identified the +0 shortbow "Diususm" {freeze, Dex+4}
 25991 | Lair:5   | Identified the +4 ring mail of the Tarantula {+Inv rCorr}
 26685 | Orc:1    | Entered Level 1 of the Orcish Mines
 27472 | Orc:2    | Entered Level 2 of the Orcish Mines
 27896 | Orc:2    | Found a staircase to the Elven Halls.
 28126 | Orc:2    | Reached skill level 5 in Earth Magic
 28170 | Orc:2    | Reached skill level 5 in Necromancy
 28210 | Orc:2    | Reached ***** piety under Vehumet
 28434 | Orc:1    | Offered knowledge of Starburst by Vehumet.
 28437 | Orc:1    | Reached XP level 15. HP: 92/92 MP: 18/29
 28446 | Orc:2    | Learned a level 6 spell: Eringya's Noxious Bog
 28453 | Orc:2    | Learned a level 6 spell: Starburst
 28851 | Orc:2    | Found Sicvex's Book Boutique.
 28851 | Orc:2    | Found Olaines's Assorted Antiques.
 28853 | Orc:2    | Found Affohow's Jewellery Boutique.
 28853 | Orc:2    | Found Yvoy's Antique Armour Emporium.
 28864 | Orc:2    | Bought a scroll labelled BYTUFRU TUOQU for 26 gold pieces
 28870 | Orc:2    | Bought a book of Ice for 644 gold pieces
 29395 | D:12     | You are sucked into a shaft and drop 3 floors!
 29395 | D:15     | Entered Level 15 of the Dungeon
 29508 | D:14     | Noticed Louise
 29683 | D:14     | Found a gate leading to a gauntlet.
 29701 | Gauntlet | Entered a Gauntlet
 29701 | Gauntlet | Found a transporter.
 29701 | Gauntlet | Found a runed translucent door.
 29702 | Gauntlet | Found a runed translucent door.
 29704 | Gauntlet | Found a transporter.
 29706 | Gauntlet | Found a transporter.
 29720 | Gauntlet | Found a transporter.
 29722 | Gauntlet | Found a transporter.
 29728 | Gauntlet | Found a runed translucent gate.
 29728 | Gauntlet | Found a runed translucent gate.
 29731 | Gauntlet | Found a runed translucent gate.
 29731 | Gauntlet | Found a transporter.
 29747 | Gauntlet | Found a transporter.
 29757 | Gauntlet | Found a transporter.
 29767 | Gauntlet | Found a transporter.
 29781 | Gauntlet | Found a transporter.
 29783 | Gauntlet | Found a transporter.
 29784 | Gauntlet | Found a transporter.
 29784 | Gauntlet | Found a runed translucent door.
 29805 | Gauntlet | Found a transporter.
 29815 | Gauntlet | Found a transporter.
 30003 | Gauntlet | Acquired the Compilation of Superposition and Enchantment
 30034 | Gauntlet | Acquired a +4 broad axe of flaming
 30054 | Gauntlet | Noticed a storm dragon
 30054 | Gauntlet | an entropy weaver changed into a storm dragon
 30519 | D:14     | Found a white marble altar of Elyvilon.
 30647 | D:14     | Reached skill level 5 in Transmutations
 30765 | D:14     | Found a gate to the Vaults.
 30773 | D:14     | Reached skill level 5 in Poison Magic
 31177 | D:13     | Found a hazy altar of Hepliaklqana.
 31621 | D:12     | Found a sacrificial altar of Ru.
 32348 | Shoals:1 | Entered Level 1 of the Shoals
 32905 | Shoals:1 | Noticed Aizul
 32967 | Spider:1 | Entered Level 1 of the Spider Nest
 34314 | Lair:5   | Offered knowledge of Flame Wave by Vehumet.
 35030 | Orc:2    | Bought a scroll of enchant weapon for 195 gold pieces
 35125 | D:12     | Reached XP level 16. HP: 56/99 MP: 25/30
 35131 | D:12     | Mangled by XxsatanxX's ghost

Illustrated notes

Levels and vault maps discovered:
D:1:      lightli_arrival_isolated_outpost, layout_loops_corners,
          chequers_ecumenical_altar_twisty, minmay_cupped
D:2:      layout_loops_ring
D:3:      layout_basic, grunt_temple_overflow_open, uniq_jessica, uniq_robin,
          uniq_crazy_yiuf_cottage
D:4:      minmay_chambers_of_threes, layout_basic, corexii_checkpoint_a
D:5:      layout_gridville, serial_shops, nicolae_square_shop,
          grunt_decor_arrowhead
D:6:      minmay_polygon_palace, layout_cave_pools,
          minmay_temple_entry_statues_fountains
D:7:      nzn_winding_woodlands_cross [nzn_winding_woodlands_5x15_lazy_stream,
          nzn_winding_woodlands_5x15_crooked, nzn_winding_woodlands_5x15_cabin,
          nzn_winding_woodlands_5x15_garden,
          nzn_winding_woodlands_15x15_killbox], layout_loops_ring
D:8:      layout_loops_ring, st_stairs_13, minmay_sticks_and_stones
D:9:      cheibrodos_grave_circle, layout_basic,
          grunt_temple_overflow_magic_moments, gammafunk_ghost_stat_death,
          grunt_decor_cap, nicolae_elevator_lobby_plus
D:10:     layout_basic, old_standard_altar, mainiacjoe_overflow_cross_hatched,
          general_overflow_altar, gammafunk_ghost_smash, minivault_16,
          kennysheep_generic_room_8
D:11:     layout_cave_pods, erik_lair_island, special_room
          [special_room_kobold], uniq_nergalle
D:12:     layout_cave_pools, orc_0_dummy, serial_shops,
          nicolae_shop_hallway_plus, gammafunk_ghost_berserking_beasts,
          small_chamber_with_monster, nicolae_ru_awakened_eye
D:13:     layout_cave_pools, gammafunk_ghost_spectres,
          nicolae_hepliaklqana_hazy_memory, uniq_josephine
D:14:     layout_roguey, erik_vaults_2, elyvilon_altar_1,
          gauntlet_entry_generic, uniq_louise
D:15:     grunt_enter_depths_hoard, layout_cave_pools, minmay_misc_feat_hallway,
          chequers_decorated_corner
Temple:   eino_temple_lava
Lair:1:   layout_misc_corridors, lemuel_centaur_altar
Lair:2:   layout_regular_city, shoals_dummy_entry, dummy_spider_entry,
          gammafunk_ghost_hive, serial_bayou_shore_b
Lair:3:   layout_cave_pods, basic_altar, serial_bayou_shore_b
Lair:4:   wander_river, layout_long_grid, lemuel_fruit_tree
Lair:5:   gammafunk_lair_ancient_temple, layout_regular_city, slime_entry_1
Shoals:1: layout_shoals, nicolae_shoals_abyss_on_the_beach, uniq_aizul
Spider:1: layout_spider_delve, nzn_ghost_randoct, drop_trap,
          nicolae_spider_nooks_and_crannies
Orc:1:    layout_diamond_mine, basic_altar
Orc:2:    grunt_orc_tribal_feast, layout_diamond_mine

Skill      XL: |  1  2  3  4  5  6  7  8  9 10 11 12 13 14 15 16 |
---------------+-------------------------------------------------+-----
Spellcasting   | 1 2 3 4 5 6 8 9 |  9.4
Dodging        | 2 3 4 5 7 8 9 10 | 10.4
Shields        | 1 2 3 4 6 7 8 9 10 | 10.4
Fighting       | 3 4 5 6 7 9 10 | 10.7
Stealth        | 5 6 8 9 |  9.0
Armour         | 3 6 8 |  8.1
Poison Magic   | 3 4 6 |  6.3
Conjurations   | 5 |  5.1
Ice Magic      | 2 |  2.5
Fire Magic     | 3 6 7 8 |  8.0
Transmutations | 2 4 6 |  6.0
Necromancy     | 1 5 7 |  7.3
Earth Magic    | 2 5 7 |  7.4
Short Blades   | |  2.1
Throwing       | |  2.0

Action                   |  1- 3 |  4- 6 |  7- 9 | 10-12 | 13-15 | 16-18 || total
-------------------------+-------+-------+-------+-------+-------+-------++-------
Melee: Dagger            |    56 |       |       |       |       |       ||    56
       Kick              |     7 |    25 |   114 |   382 |   288 |       ||   816
       Peck              |     3 |    19 |    65 |   239 |   196 |       ||   522
       Short sword       |     5 |   123 |   342 |   964 |   576 |       ||  2010
       Broad axe         |       |       |       |       |    44 |     3 ||    47
Throw: Dart              |       |     7 |    11 |    48 |     1 |       ||    67
 Cast: Olgreb's Toxic Ra |       |       |       |       |   192 |       ||   192
       Ignite Poison     |       |       |       |       |   192 |     1 ||   193
       Poisonous Vapours |       |       |       |       |    19 |       ||    19
       Searing Ray       |       |       |       |       |     8 |       ||     8
       Hailstorm         |       |       |       |       |    14 |       ||    14
       Borgnjor's Vile C |       |       |       |       |    38 |       ||    38
       Starburst         |       |       |       |       |       |     1 ||     1
Evoke: Wand              |       |       |       |    15 |     6 |       ||    21
  Use: Scroll            |       |     5 |    16 |    13 |    11 |     2 ||    47
       Potion            |       |       |     4 |     7 |     6 |       ||    17
 Stab: Sleeping          |    21 |    17 |    10 |    17 |     4 |       ||    69
       Distracted        |       |     1 |       |     2 |       |       ||     3
       Invisible         |       |       |     1 |    15 |       |       ||    16
       Paralysed         |       |       |       |       |     2 |       ||     2
Armor: Robe              |     9 |    18 |     1 |       |       |       ||    28
       Leather armour    |       |       |    54 |    84 |    83 |     4 ||   225
       Skin              |       |       |       |       |    16 |       ||    16
Dodge: Dodged            |    27 |    42 |   145 |   435 |   416 |     9 ||  1074
Block: Kite shield       |     4 |    29 |   163 |   722 |   495 |       ||  1413
       Reflection        |       |       |       |    13 |     9 |       ||    22
       Buckler           |       |       |       |       |   130 |     8 ||   138
